 Dungeon Crawl Stone Soup version 0.18.1-48-g4cf74bf (webtiles) character file.

74362 Wotyn the Bludgeoner (level 15, -9/247 HPs)
             Began as an Ogre Gladiator on July 3, 2016.
             Was a High Priest of Trog.
             Shot with an arrow by Nessos (22 damage)
             ... on level 12 of the Dungeon.
             The game lasted 02:01:18 (21695 turns).

Wotyn the Bludgeoner (Ogre Gladiator)              Turns: 21695, Time: 02:01:19

Health: -9/247     AC: 10    Str: 40    XL:     15   Next: 46%
Magic:  5/5        EV: 16    Int: 10    God:    Trog [*****.]
Gold:   1395       SH:  0    Dex: 13    Spells: 0 memorised, 14 levels left

rFire  . . .     SeeInvis +     I - +8 giant club (antimagic)
rCold  . . .     Gourm    .     b - +0 mottled dragon armour
rNeg   . . .     Faith    .     (shield currently unavailable)
rPois  .         Spirit   .     g - +0 mask of the Dragon {MR+ Slay+3 SInv}
rElec  +         Dismiss  +     N - +1 cloak {MR+}
rCorr  .         Reflect  .     (gloves unavailable)
SustAt .         Harm     .     (boots unavailable)
MR     +++++     Clarity  +     J - amulet "Ipsofupu" {Dismiss rElec Str+4 Int+3}
Stlth  ..........               G - +6 ring of slaying
                                q - +3 ring of strength

@: berserking, lethally poisoned (-9 -> -24), very slightly contaminated,
regenerating, very quick, almost entirely resistant to hostile enchantments,
extremely unstealthy
A: unfitting armour, clarity, high mp 1, strong 1, tough skin 1, wild magic 1
a: Berserk, Trog's Hand, Brothers in Arms, Burn Spellbooks, Renounce Religion


You were on level 12 of the Dungeon.
You worshipped Trog.
Trog was extremely pleased with you.
You were full.

You visited 3 branches of the dungeon, and saw 21 of its levels.

You collected 1395 gold pieces.

Inventory:

Hand Weapons
 p - a +2 antimagic dire flail
 x - a +6 dire flail
 E - a +2 executioner's axe of freezing
 I - a +8 antimagic giant club (weapon)
 P - a +1 demon trident
Missiles
 l - 10 large rocks (quivered)
Armour
 b - a +0 mottled dragon armour (worn)
 d - a +2 robe of fire resistance
 g - the +0 mask of the Dragon (worn) {MR+ Slay+3 SInv}
   (You found it on level 8 of the Lair of Beasts)

   It affects your accuracy and damage with ranged weapons and melee attacks
   (+3).
   It affects your resistance to hostile enchantments.
   It lets you see invisible.
 N - a +1 cloak of magic resistance (worn)
Jewellery
 i - an uncursed ring of teleportation
 n - an uncursed ring of sustain attributes
 q - a +3 ring of strength (left hand)
 r - an uncursed ring of see invisible
 u - an uncursed ring of ice
 y - an uncursed ring of positive energy
 G - a +6 ring of slaying (right hand)
 J - the amulet "Ipsofupu" (around neck) {Dismiss rElec Str+4 Int+3}
   (You found it on level 8 of the Lair of Beasts)

   [amulet of dismissal]

   It may teleport away creatures that harm you.
   It affects your strength (+4).
   It affects your intelligence (+3).
   It insulates you from electricity.
 L - an uncursed amulet of dismissal
 M - an uncursed ring of fire
 X - an uncursed amulet of the gourmand
Wands
 f - a wand of slowing (18/48)
 s - a wand of acid (1/15)
 v - a wand of slowing (17/48)
 A - a wand of flame (27/48)
 B - a wand of iceblast (13/15)
 H - a wand of flame (26/48)
 T - a wand of iceblast (12/15)
 V - a wand of digging (10/24)
 Z - a wand of iceblast (8/15)
Scrolls
 j - 3 scrolls of fear
 o - 12 scrolls of remove curse
 z - a scroll of teleportation
 C - 4 scrolls of fog
 K - 2 scrolls of enchant armour
 R - a scroll of magic mapping
 W - 6 scrolls of identify
 Y - a scroll of recharging
Potions
 c - 2 potions of berserk rage
 e - 4 potions of brilliance
 h - a potion of cure mutation
 k - a potion of might
 m - 2 potions of agility
 w - a potion of cancellation
 D - 2 potions of flight
 U - 5 potions of resistance
Comestibles
 t - 6 beef jerkies
 Q - 14 royal jellies
 S - 3 meat rations


   Skills:
 * Level 14.7 Fighting
 - Level 20.8 Maces & Flails
 - Level 2.4 Throwing
 * Level 6.1 Armour
 * Level 12.6 Dodging
 - Level 0.1 Stealth


You had 14 spell levels left.
You didn't know any spells.

Dungeon Overview and Level Annotations

Branches:
Dungeon (12/15)            Temple (1/1) D:4            Lair (8/8) D:8
  Swamp (0/4) Lair:3       Spider (0/4) Lair:3        Slime (0/6) Lair:6
    Orc (0/2) D:10

Altars:
Ashenzari
Cheibriados
Dithmenos
Elyvilon
Fedhas
Gozag
Kikubaaqudgha
Makhleb
Nemelex Xobeh
Okawaru
Pakellas
Qazlal
Ru
Sif Muna
Trog
Vehumet
Xom
Yredelemnul
Zin
The Shining One
Jiyva

Shops:
D:7 }

Annotations:
D:5 Menkaure
D:12 Nessos
Lair:5 exclusion: oklob plant


Innate Abilities, Weirdness & Mutations

You are too large for most types of armour.
You have tough skin (AC +1).
You possess an exceptional clarity of mind.
You have an increased reservoir of magic (+10% MP).
Your muscles are strong. (Str +2)
Your spells are a little harder to cast, but a little more powerful.


Message History

* * * LOW HITPOINT WARNING * * *
The arrow burns you.
You are lethally poisoned!
* * * LOW HITPOINT WARNING * * *
You see here an arrow.
Your skin crawls.
You feel resistant to hostile enchantments.
You feel slightly less full.
You feel very sick.
Nessos shoots an arrow.
The arrow hits you!
* * * LOW HITPOINT WARNING * * *
The arrow burns you.
You are lethally poisoned!
* * * LOW HITPOINT WARNING * * *
A red film seems to cover your vision as you go berserk!
You feel yourself moving faster!
You feel mighty!
You feel somewhat less full.
* * * LOW HITPOINT WARNING * * *
You feel very sick.
Nessos shoots an arrow.
The arrow hits you!!
You die...
S

# .. #. .. #.###.
#..... #.....#
#.....#################
#.......(.c(..§....(((.
#.....@##############..
#......................
#...................)..
#......(...............
#......................
#..........#+##########
#..#...##..#
#....÷.##..#
#..........##


You could see Nessos.

Vanquished Creatures
  Gastronok (Lair:3)
  6 hydras
  A catoblepas (Lair:7)
  3 death yaks (Lair:7)
  A swamp dragon (Lair:3)
  2 hill giants
  A lindwurm (Lair:7)
  A wolf spider (Lair:1)
  3 griffons
  An ugly thing (D:11)
  12 elephants
  8 black mambas
  A torpor snail (Lair:8)
  2 molten gargoyles (D:12)
  The ghost of Rationalist the Covered, a novice FoFi (D:4)
  A rime drake (Lair:7)
  14 spiny frogs
  7 komodo dragons
  9 polar bears
  2 trolls
  A boulder beetle (Lair:8)
  8 blink frogs (Lair:8)
  2 raiju (Lair:8)
  A redback (Lair:3)
  11 yaks
  A wyvern (D:11)
  11 hippogriffs
  A vampire (D:12)
  4 basilisks
  3 hungry ghosts
  A mottled dragon (D:11)
  7 wargs (Lair:8)
  6 hell hounds (Lair:8)
  12 water moccasins
  16 porcupines
  An ice beast (D:9)
  13 black bears
  2 phantoms
  5 orc warriors
  4 sky beasts
  A wasp (D:8)
  6 ogres
  A necrophage (D:9)
  23 wolves
  5 centaurs
  13 crocodiles
  2 big kobolds
  A gnoll sergeant (D:9)
  14 giant frogs
  2 scorpions
  A troll zombie (D:10)
  9 killer bees
  3 wights (D:9)
  A howler monkey (D:4)
  7 crimson imps
  A giant frog zombie (D:6)
  5 lava snakes (D:12)
  A centaur zombie (D:6)
  13 hounds
  3 centaur skeletons
  3 orc priests
  A giant frog skeleton (D:11)
  A jelly (D:4)
  Terence (D:2)
  10 orc wizards
  5 worker ants
  5 iguanas
  3 hell rats (Lair:5)
  16 sheep
  An ogre zombie (D:10)
  A hound skeleton (D:5)
  A hound zombie (D:6)
  A howler monkey zombie (D:5)
  A howler monkey skeleton (D:6)
  13 gnolls
  71 river rats
  13 adders
  5 shadow imps
  An ooze (D:4)
  An adder zombie (D:5)
  2 worms
  4 dart slugs
  5 giant geckos
  35 orcs
  4 ball pythons
  6 goblins
  5 hobgoblins
  17 jackals
  4 quokkas
  4 bats
  A giant cockroach zombie (D:5)
  5 giant newts
  A jackal skeleton (D:5)
  19 kobolds
  2 orc zombies (D:10)
  14 rats
  2 fungi
  3 plants
586 creatures vanquished.

Vanquished Creatures (collateral kills)
  Maud (Lair:8)
  3 death yaks (Lair:7)
  A hill giant (D:11)
  4 elephants (Lair:7)
  2 cyclopes
  2 spiny frogs (Lair:7)
  A komodo dragon (Lair:7)
  A polar bear (Lair:7)
  5 yaks
  Grum (D:11)
  A hippogriff (Lair:7)
  A black bear (Lair:8)
  2 crocodiles (Lair:7)
  2 troll zombies (D:10)
  A hound (Lair:8)
  An orc priest (D:10)
  6 sheep
  4 ogre zombies (D:10)
  A goblin skeleton (D:10)
  4 goblin zombies (D:10)
  4 hobgoblin zombies (D:10)
  14 orc zombies (D:10)
62 creatures vanquished.

Vanquished Creatures (others)
  A crocodile (Lair:3)
  An iguana (Lair:3)
  15 fungi
  29 plants
46 creatures vanquished.

Grand Total: 694 creatures vanquished

Notes
Turn   | Place    | Note
--------------------------------------------------------------
     0 | D:1      | Wotyn the Ogre Gladiator began the quest for the Orb.
     0 | D:1      | Reached XP level 1. HP: 22/22 MP: 1/1
   313 | D:1      | Reached XP level 2. HP: 29/29 MP: 2/2
  1143 | D:2      | Reached XP level 3. HP: 30/36 MP: 3/3
  1153 | D:2      | Reached skill level 5 in Maces & Flails
  1168 | D:2      | Noticed Terence
  1185 | D:2      | Killed Terence
  1185 | D:2      | Reached XP level 4. HP: 28/45 MP: 4/4
  1933 | D:3      | Reached skill level 6 in Maces & Flails
  2254 | D:3      | Reached XP level 5. HP: 53/53 MP: 5/5
  2551 | D:4      | Noticed Rationalist's ghost (novice FoFi)
  2575 | D:4      | Killed Rationalist's ghost
  2575 | D:4      | Reached skill level 7 in Maces & Flails
  2575 | D:4      | Reached XP level 6. HP: 30/63 MP: 6/6
  2575 | D:4      | Reached XP level 7. HP: 34/71 MP: 7/7
  2751 | D:4      | Reached skill level 5 in Dodging
  2767 | D:4      | Found a staircase to the Ecumenical Temple.
  2799 | Temple   | Entered the Ecumenical Temple
  2860 | Temple   | Became a worshipper of Trog the Wrathful
  3185 | D:5      | Entered Level 5 of the Dungeon
  3202 | D:4      | Reached skill level 5 in Fighting
  3290 | D:4      | Reached skill level 8 in Maces & Flails
  3294 | D:5      | Noticed Menkaure
  3639 | D:4      | Reached XP level 8. HP: 58/81 MP: 8/8
  4078 | D:5      | Reached skill level 9 in Maces & Flails
  4724 | D:6      | Reached * piety under Trog
  5116 | D:6      | Reached skill level 10 in Maces & Flails
  5660 | D:6      | Reached XP level 9. HP: 69/92 MP: 9/9
  6056 | D:6      | Reached skill level 11 in Maces & Flails
  6368 | D:6      | Reached ** piety under Trog
  6413 | D:7      | Found a basalt altar of Yredelemnul.
  6595 | D:7      | Identified a scroll of acquirement
  7016 | D:7      | Found Gonikap's Gadget Boutique.
  7125 | D:8      | Found a staircase to the Lair.
  7269 | D:8      | Reached skill level 12 in Maces & Flails
  7389 | D:8      | Found a white marble altar of Elyvilon.
  7462 | D:8      | Noticed a hill giant
  7475 | D:8      | Killed a hill giant
  7475 | D:8      | Reached XP level 10. HP: 47/104 MP: 10/10
  7806 | Lair:1   | Entered Level 1 of the Lair of Beasts
  7870 | Lair:1   | Noticed a black mamba
  7895 | Lair:1   | Killed a black mamba
  7895 | Lair:1   | Reached skill level 13 in Maces & Flails
  8079 | Lair:1   | Noticed a spiny frog
  8088 | Lair:1   | Killed a spiny frog
  8347 | Lair:1   | Noticed a spiny frog
  8355 | Lair:1   | Killed a spiny frog
  8357 | Lair:1   | Reached *** piety under Trog
  8443 | Lair:1   | Found a shadowy altar of Dithmenos.
  8571 | Lair:1   | Noticed a spiny frog
  8648 | Lair:1   | Noticed a spiny frog
  8656 | Lair:1   | Killed a spiny frog
  8656 | Lair:1   | Reached skill level 14 in Maces & Flails
  8977 | Lair:1   | Noticed a spiny frog
  8986 | Lair:1   | Killed a spiny frog
  9098 | Lair:1   | Killed a spiny frog
  9129 | Lair:1   | Noticed a seven-headed hydra
  9136 | Lair:1   | Killed a seven-headed hydra
  9136 | Lair:1   | Reached skill level 15 in Maces & Flails
  9136 | Lair:1   | Reached XP level 11. HP: 117/117 MP: 11/11
  9474 | Lair:2   | Noticed an eight-headed hydra
  9481 | Lair:2   | Killed an eight-headed hydra
  9481 | Lair:2   | Reached skill level 10 in Fighting
  9583 | Lair:2   | Reached **** piety under Trog
  9991 | Lair:3   | Found a hole to the Spider Nest.
 10072 | Lair:3   | Reached skill level 16 in Maces & Flails
 10566 | Lair:3   | Noticed a swamp dragon
 10567 | Lair:3   | Found a staircase to the Swamp.
 10577 | Lair:3   | Killed a swamp dragon
 10774 | Lair:3   | Noticed Gastronok
 10786 | Lair:3   | Killed Gastronok
 10786 | Lair:3   | Reached skill level 17 in Maces & Flails
 11155 | Lair:4   | Reached XP level 12. HP: 75/130 MP: 12/12
 12527 | Lair:5   | Received a gift from Trog
 12551 | Lair:5   | Noticed a five-headed hydra
 12557 | Lair:5   | Killed a five-headed hydra
 12557 | Lair:5   | Reached skill level 18 in Maces & Flails
 12603 | Lair:5   | Reached ***** piety under Trog
 13472 | Lair:6   | Noticed an eight-headed hydra
 13479 | Lair:6   | Killed an eight-headed hydra
 13484 | Lair:6   | Received a gift from Trog
 13484 | Lair:6   | Reached skill level 10 in Dodging
 13579 | Lair:6   | Noticed a seven-headed hydra
 13590 | Lair:6   | Killed a seven-headed hydra
 13710 | Lair:6   | Found a staircase to the Slime Pits.
 13711 | Lair:6   | Found a viscous altar of Jiyva.
 14167 | Lair:7   | Reached skill level 19 in Maces & Flails
 14672 | Lair:7   | Noticed a catoblepas
 14705 | Lair:7   | Killed a catoblepas
 14705 | Lair:7   | Reached XP level 13. HP: 140/140 MP: 13/13
 14789 | Lair:7   | Received a gift from Trog
 15240 | Lair:7   | Received a gift from Trog
 15538 | Lair:7   | Reached skill level 20 in Maces & Flails
 15583 | Lair:7   | Gained mutation: Your spells are a little harder to cast, but a little more powerful. [potion of mutation]
 15583 | Lair:7   | Gained mutation: Your muscles are strong. (Str +2) [potion of mutation]
 15613 | Lair:7   | Reached skill level 1 in Armour
 15809 | Lair:8   | Entered Level 8 of the Lair of Beasts
 15827 | Lair:8   | Got a scorched ivory amulet
 15828 | Lair:8   | Identified the amulet "Ipsofupu" {Dismiss rElec Str+4 Int+3} (You found it on level 8 of the Lair of Beasts)
 15993 | Lair:8   | Noticed Maud
 16064 | Lair:8   | Killed Maud
 16302 | Lair:8   | Reached skill level 5 in Armour
 16302 | Lair:8   | Reached XP level 14. HP: 150/150 MP: 4/14
 17174 | Lair:8   | Reached XP level 15. HP: 108/161 MP: 5/15
 18741 | D:9      | Reached ****** piety under Trog
 19386 | D:10     | Entered Level 10 of the Dungeon
 19446 | D:10     | Gained mutation: You have an increased reservoir of magic (+10% MP). [potion of mutation]
 19446 | D:10     | Gained mutation: You possess an exceptional clarity of mind. [potion of mutation]
 19565 | D:10     | Found a staircase to the Orcish Mines.
 20178 | D:11     | Received a gift from Trog
 20488 | D:11     | Received a gift from Trog
 20602 | D:11     | Noticed Grum
 20613 | D:11     | Killed Grum
 21676 | D:12     | Noticed Nessos
 21695 | D:12     | Shot with an arrow by Nessos

Skill      XL: |  1  2  3  4  5  6  7  8  9 10 11 12 13 14 15 |
---------------+----------------------------------------------+-----
Dodging        | 3 4 5 6 7 8 9 10 11 12 | 12.6
Maces & Flails | 5 6 7 8 10 12 15 17 19 20 | 20.8
Fighting       | 3 4 5 6 8 9 11 12 13 14 | 14.7
Armour         | 5 6 |  6.1
Throwing       | |  2.4
Stealth        | |  0.1

Action                   |  1- 3 |  4- 6 |  7- 9 | 10-12 | 13-15 || total
-------------------------+-------+-------+-------+-------+-------++-------
Melee: Flail             |    91 |   132 |   244 |       |       ||   467
       Dire flail        |       |       |   170 |   498 |    46 ||   714
       Giant club        |       |       |       |       |   450 ||   450
Throw: Throwing net      |       |     2 |     6 |     3 |       ||    11
Invok: Berserk           |       |       |     1 |     8 |    10 ||    19
       Burn Spellbooks   |       |       |     1 |     1 |     1 ||     3
       Brothers in Arms  |       |       |       |       |    12 ||    12
       Trog's Hand       |       |       |       |       |     1 ||     1
Evoke: Wand              |       |       |     5 |     1 |     2 ||     8
  Use: Scroll            |     3 |     2 |    14 |    11 |    14 ||    44
       Potion            |     1 |     6 |     6 |     7 |    11 ||    31
 Stab: Sleeping          |     1 |       |       |     1 |     1 ||     3
       Held in net/web   |       |       |     2 |       |       ||     2
       Distracted        |       |       |       |       |     3 ||     3
  Eat: Bread ration      |     1 |       |     1 |     4 |     4 ||    10
       Chunk             |       |     1 |     1 |     2 |       ||     4
       Meat ration       |       |       |     2 |       |     1 ||     3
       Fruit             |       |       |     4 |     5 |     9 ||    18
       Royal jelly       |       |       |     1 |       |       ||     1
       Beef jerky        |       |       |       |     5 |       ||     5
       Pizza             |       |       |       |       |     4 ||     4
Armor: Robe              |    26 |    30 |   120 |    56 |    64 ||   296
       Skin              |       |       |     5 |       |       ||     5
       Mottled dragon ar |       |       |       |       |    10 ||    10
Dodge: Dodged            |    48 |    70 |   232 |   226 |   347 ||   923
